Map: 匹昂台地

Players

Cloudy - Winner!

  • Race: Protoss Protoss
  • League: Grandmaster

HyuN

  • Race: Zerg Zerg
  • League: Master

VOD

https://www.youtube.com/watch?v=6JyzFF7WtCE

Description

Time

  • Played on: March 13, 2016, 12:56 a.m.
  • Length: 11:38
Show
View Real Time Build Order
Export as new Build Order

Cloudy Protoss - Winner!

Build Orders:  

Get SALT Encoding   

  12  0:01  Probe (Chrono Boost)  
  13  0:12  Probe (Chrono Boost)  
  14  0:22  Pylon  
  14  0:24  Probe (Chrono Boost)  
  15  0:41  Probe (Chrono Boost), Gateway  
  16  0:49  Assimilator  
  16  0:51  Probe (Chrono Boost)  
  17  1:02  Probe (Chrono Boost)  
  18  1:04  Gateway  
  18  1:12  Probe (Chrono Boost)  
  19  1:23  Probe (Chrono Boost)  
  20  1:30  Cybernetics Core  
  20  1:33  Probe (Chrono Boost)  
  21  1:50  Nexus  
  21  1:56  Pylon  
  21  2:06  Warp Gate  
  23  2:10  Adept (Chrono Boost)  
  23  2:14  Probe, Adept (Chrono Boost)  
  26  2:21  Assimilator  
  26  2:26  Probe  
  27  2:38  Probe (Chrono Boost), Adept (Chrono Boost)  
  30  2:49  Probe (Chrono Boost)  
  31  2:54  Pylon  
  31  3:02  Probe x2 (Chrono Boost)  
  33  3:05  Twilight Council  
  33  3:06  Adept  
  35  3:13  Probe (Chrono Boost)  
  36  3:22  Probe (Chrono Boost)  
  36  3:24  Probe (Chrono Boost)  
  36  3:31  Mothership Core (Chrono Boost)  
  36  3:33  Adept  
  38  3:35  Probe (Chrono Boost)  
  38  3:37  Pylon  
  39  3:43  Resonating Glaives (Chrono Boost)  
  39  3:45  Probe  
  40  3:49  Probe  
  40  3:54  Gateway  
  41  3:57  Probe  
  41  3:59  Probe, Gateway  
  44  4:10  Probe x2, Adept  
  44  4:12  Adept  
  44  4:14  Pylon  
  49  4:20  Assimilator, Probe  
  49  4:22  Probe  
  49  4:23  Assimilator  
  51  4:31  Probe  
  51  4:34  Probe  
  53  4:39  Adept x2  
  53  4:42  Probe  
  58  4:50  Probe  
  58  4:52  Probe  
  59  4:58  Stargate  
  60  5:00  Stargate  
  60  5:02  Probe  
  60  5:03  Probe  
  62  5:13  Probe  
  62  5:14  Probe  
  63  5:19  Pylon  
  64  5:21  Adept x3  
  64  5:27  Probe  
  68  5:32  Probe  
  63  5:49  Nexus, Adept x4  
  67  5:51  Pylon  
  67  5:53  Probe x2  
  67  5:54  Pylon  
  67  5:56  Phoenix x2 (Chrono Boost)  
  73  5:59  Protoss Air Weapons Level 1  
  73  6:05  Probe x2  
  73  6:06  Pylon  
  73  6:07  Pylon  
  75  6:13  Adept x4  
  75  6:17  Probe  
  75  6:18  Probe  
  85  6:22  Phoenix (Chrono Boost)  
  87  6:29  Probe  
  88  6:36  Probe  
  88  6:38  Phoenix (Chrono Boost)  
  91  6:42  Probe  
  91  6:44  Phoenix (Chrono Boost)  
  94  6:49  Probe  
  95  6:57  Probe  
  95  7:00  Phoenix (Chrono Boost)  
  98  7:01  Probe  
  98  7:06  Phoenix (Chrono Boost)  
  93  7:19  Adept x4  
  93  7:21  Phoenix (Chrono Boost)  
  99  7:27  Phoenix (Chrono Boost)  
  99  7:29  Assimilator  
  97  7:32  Gateway  
  97  7:33  Assimilator, Gateway  
  97  7:36  Gateway  
  97  7:38  Robotics Facility, Gateway  
  97  7:40  Pylon  
  97  7:43  Pylon  
  97  7:54  Adept x4  
  105  8:03  Phoenix x2 (Chrono Boost)  
  109  8:19  Adept x4  
  115  8:25  Phoenix x2 (Chrono Boost)  
  119  8:29  Nexus  
  119  8:37  Pylon  
  119  8:39  Pylon  
  117  8:44  Adept x3  
  117  8:45  Adept  
  117  8:46  Phoenix (Chrono Boost)  
  127  8:49  Pylon  
  127  8:50  Observer  
  127  8:53  Phoenix (Chrono Boost)  
  130  8:55  Adept x2  
  130  8:56  Adept x2  
  106  9:34  Probe  
  106  9:36  Phoenix (Chrono Boost)  
  85  9:45  Adept x3  
  85  9:46  Adept x5  
  85  9:52  Phoenix (Chrono Boost)  
  99  9:54  Fleet Beacon  
  101  10:00  Phoenix (Chrono Boost)  
  101  10:12  Adept x5  
  101  10:14  Phoenix (Chrono Boost)  
  113  10:18  Forge  
  115  10:21  Phoenix (Chrono Boost)  
  115  10:27  Dark Shrine  
  111  10:44  Phoenix x2 (Chrono Boost)  
  115  10:59  Adept x7  
  115  11:00  Adept  
Show
View Real Time Build Order
Export as new Build Order

HyuN Zerg 

Build Orders: Hatch First, Lurkers 

Get SALT Encoding   

  12  0:00  Drone  
  13  0:09  Drone  
  14  0:33  Hatchery  
  13  0:35  Drone  
  14  0:45  Extractor  
  14  0:46  Drone  
  14  0:48  Extractor  
  14  0:49  Drone  
  16  1:02  Spawning Pool  
  15  1:08  Overlord  
  15  1:19  Extractor  
  15  1:21  Extractor, Drone  
  15  1:27  Drone  
  15  1:28  Drone  
  17  1:39  Drone  
  18  1:46  Drone  
  19  1:50  Queen  
  19  1:53  Queen  
  23  1:57  Drone  
  24  2:03  Overlord  
  24  2:08  Drone  
  24  2:11  Zergling x2  
  24  2:13  Drone  
  27  2:22  Metabolic Boost  
  27  2:24  Drone  
  27  2:25  Drone  
  29  2:31  Drone  
  30  2:39  Hatchery  
  30  2:43  Drone x2  
  31  2:48  Queen  
  33  2:53  Overlord  
  33  2:55  Drone  
  33  2:56  Zergling x2  
  35  3:01  Extractor  
  35  3:02  Zergling x4  
  36  3:08  Overlord  
  29  3:28  Drone x3  
  29  3:33  Queen  
  33  3:34  Roach Warren  
  33  3:37  Drone  
  33  3:38  Drone  
  33  3:40  Drone  
  35  3:44  Drone  
  36  3:49  Drone  
  36  3:51  Drone x3  
  36  3:55  Drone  
  42  3:56  Drone  
  42  4:01  Drone x2  
  45  4:03  Drone  
  45  4:08  Drone  
  47  4:15  Drone  
  47  4:16  Drone x4  
  52  4:24  Lair  
  52  4:27  Drone  
  52  4:28  Drone x2  
  52  4:29  Drone  
  56  4:31  Extractor  
  56  4:33  Evolution Chamber  
  56  4:37  Roach Warren  
  53  4:45  Drone x4  
  56  4:47  Drone  
  56  4:48  Overlord  
  56  4:49  Overlord  
  57  5:03  Overlord x2  
  57  5:08  Zergling x18, Spore Crawler  
  57  5:12  Zerg Missile Weapons Level 1  
  65  5:15  Drone  
  65  5:16  Drone  
  58  5:23  Drone x4  
  49  5:44  Drone x5  
  49  5:46  Spore Crawler  
  52  5:50  Glial Reconstitution  
  52  5:51  Drone  
  52  5:52  Drone  
  52  5:53  Drone x8, Hydralisk Den  
  52  5:56  Drone  
  62  6:02  Extractor  
  61  6:04  Overseer  
  61  6:08  Roach x3  
  67  6:16  Roach  
  67  6:17  Roach  
  71  6:23  Roach x7  
  81  6:39  Overlord x2  
  81  6:40  Overlord  
  81  6:45  Ravager  
  81  6:46  Lurker Den  
  82  6:52  Drone  
  82  6:53  Drone  
  82  6:57  Queen  
  68  7:18  Drone x16  
  68  7:20  Extractor  
  68  7:22  Extractor  
  79  7:23  Zerg Missile Weapons Level 2  
  79  7:31  Drone x3  
  79  7:35  Spore Crawler  
  81  7:39  Spore Crawler x2  
  79  7:45  Spore Crawler x2  
  79  7:47  Overlord x2  
  72  7:52  Overlord x4  
  68  8:07  Hydralisk x6  
  68  8:12  Queen  
  78  8:15  Queen  
  78  8:16  Hydralisk x3  
  78  8:18  Hydralisk  
  85  8:22  Overseer  
  85  8:25  Hydralisk x2  
  89  8:31  Hydralisk  
  87  8:41  Hydralisk x4  
  87  8:46  Hydralisk  
  87  8:47  Hydralisk  
  99  8:49  Lurker  
  99  8:50  Lurker  
  99  8:52  Lurker  
  102  8:58  Drone  
  102  8:59  Drone x2  
  105  9:23  Hydralisk  
  105  9:24  Hydralisk x3  
  86  9:33  Hydralisk  
  86  9:34  Hydralisk x3  
  82  9:45  Hydralisk x3  
  74  9:50  Drone x2  
  80  9:54  Lurker x2  
  80  9:58  Drone  
  83  10:07  Ravager x2  
  84  10:08  Hydralisk x2  
  89  10:21  Hydralisk x2  
  90  10:45  Hatchery  
  90  10:49  Drone x2  
  86  10:50  Drone x2  
  88  10:59  Drone x3  
  91  11:13  Hydralisk  
  91  11:14  Hydralisk  
  91  11:16  Drone x2  
Tags
 
Composition
Lurkers
Matchup
PvZ
Player
HyuN
Add a new tag
Caveats
  • Supply blocks, unpowered buildings, or Contaminate may cause inaccurate times.
  • Supply counts are checked every 10 seconds.